[Event "FIDE Grand Swiss 2023"]
[Site "Villa Marina, Douglas, Isle of Man, Isle Of Man"]
[Date "2023.11.02"]
[Round "8.24"]
[White "Mamedov, Rauf"]
[Black "Grandelius, Nils"]
[Result "1-0"]
[TimeControl "40/90 + 30 + 30s/move"]
[WhiteFideId "13401653"]
[BlackFideId "1710400"]
[WhiteElo "2640"]
[BlackElo "2689"]

1. e4 c5 2. Nf3 d6 3. Nc3 Nf6 4. d4 cxd4 5. Nxd4 a6 6. Bg5 e6 7. f4 Be7 8. e5 dxe5 9. fxe5 Nd5 10.
Bxe7 Qxe7 11. Nf5 exf5 12. Nxd5 Qxe5+ 13. Qe2 Qxe2+ 14. Bxe2 Ra7 15. Nb6 Be6 16. O-O-O Nd7 17. Nc8 Ra8 18.
Nd6+ Ke7 19. Rhe1 Nc5 20. Bf3 Kf6 21. Nxb7 Nxb7 22. Bxb7 Ra7 23. Bf3 Rc8 24. b3 a5 25. Kb2 Rc5 26.
c4 g5 27. Kc3 g4 28. Be2 h5 29. Bf1 h4 30. a3 Rc8 31. Rd4 Rc5 32. Rd2 Rc8 33. Rd6 Rc5 34. Rd8 Rc6 35. Bd3 Rc5 36.
Rf1 Re5 37. Kd2 Rb7 38. Rb1 Ra7 39. Rd4 Ra8 40. Rf1 Rb8 41. Kc3 Re3 42. Rxg4 Ke5 43. Rxh4 Rxd3+ 44. Kxd3 Rxb3+ 45. Kc2 Rxa3 46.
g3 a4 47. Rb1 Rf3 48. Rb5+ Kd6 49. Ra5 a3 50. Rf4 Re3 51. Kd2 Rb3 52. Rd4+ Kc6 53. Rd3 Rb2+ 54. Kc3 Rxh2 55. Ra6+ Kb7 56.
Rxa3 Kc6 57. Ra6+ Kb7 58. Ra5 Rf2 59. Kd4 f4 60. Kc5 fxg3 61. Rb3+ Kc7 62. Ra7+ Kc8 63. Kc6 Bd7+ 64. Rxd7 Rf6+ 65.
Rd6 g2 66. Rg3 1-0

[Event "FIDE Grand Swiss 2023"]
[Site "Villa Marina, Douglas, Isle of Man, Isle Of Man"]
[Date "2023.11.02"]
[Round "8.25"]
[White "Sargissian, Gabriel"]
[Black "Warmerdam, Max"]
[Result "1/2-1/2"]
[TimeControl "40/90 + 30 + 30s/move"]
[WhiteFideId "13300881"]
[BlackFideId "1048104"]
[WhiteElo "2686"]
[BlackElo "2636"]

1. d4 Nf6 2. c4 e6 3. Nf3 d5 4. Nc3 c5 5. cxd5 cxd4 6. Qxd4 exd5 7. Bg5 Be7 8. e3 O-O 9. Rd1 Be6 10. Bd3 h6 11. Bh4 Qa5 12. Bb1 Qa6 13. Qd3 Qxd3 14. Bxd3 Nc6 15.
Bc2 g5 16. Bg3 Rfd8 17. O-O Ne4 18. Ne2 Bf6 19. Nfd4 Rac8 20. Bb1 Nxg3 21. hxg3 Be5 22. f4 Bf6 23. Kf2 Bg4 24. Rd2 Bxe2 25.
Nxe2 d4 26. e4 d3 27. Rxd3 Rxd3 28. Bxd3 Rd8 29. Bc4 Rd2 30. Ke3 Rxb2 31. Rd1 b5 32. Bb3 Na5 33. Bd5 Bd8 34. Rd2 Bb6+ 35.
Kd3 Rb4 36. Rc2 Ra4 37. e5 Kg7 38. f5 Nc4 39. Bxc4 bxc4+ 40. Rxc4 Rxa2 41. g4 Ra3+ 42. Nc3 Ba5 43. Kd4 Bxc3+ 44. Rxc3 Rxc3 45. Kxc3 Kf8 46. Kb4 Ke7 47. Kb5 Kd7 48. Ka6 Kc6 49. Kxa7 Kd5 50. Kb6 Kxe5 51. Kc6 Kf4 52. Kd6 Kxg4 53.
f6 Kf5 54. Ke7 Kg6 55. g4 h5 56. gxh5+ Kh7 57. Kxf7 g4 58. Ke6 g3 59. f7 g2 60. f8=Q g1=Q 61. Qf5+ Kh6 62. Qf6 Kh7 63.
Qf5+ 1/2-1/2

[Event "FIDE Grand Swiss 2023"]
[Site "Villa Marina, Douglas, Isle of Man, Isle Of Man"]
[Date "2023.11.02"]
[Round "8.26"]
[White "Abasov, Nijat"]
[Black "Sargsyan, Shant"]
[Result "0-1"]
[TimeControl "40/90 + 30 + 30s/move"]
[WhiteFideId "13402960"]
[BlackFideId "13306766"]
[WhiteElo "2679"]
[BlackElo "2631"]

1. c4 e6 2. Nc3 d5 3. cxd5 exd5 4.
d4 Nf6 5. Bg5 Be7 6. e3 O-O 7. Bd3 Re8 8. Nf3 h6 9. Bf4 c5 10. dxc5 Bxc5 11. O-O Nc6 12. Rc1 Bg4 13. Nb5 Bb6 14.
Nd6 Re6 15. Nf5 Ne4 16. Bxe4 dxe4 17. Qxd8+ Rxd8 18. N3d4 Bxf5 19. Nxf5 Rd5 20. g4 Rg6 21. Rxc6 Rxg4+ 22. Bg3 Rxf5 23.
Rc4 h5 24. h3 Rg6 25. Rxe4 Bc7 26. Kg2 Bxg3 27. fxg3 Rxf1 28. Kxf1 Rxg3 29. Re8+ Kh7 30. Re7 Rxh3 31. Rxb7 a6 32.
Kf2 Kg6 33. a4 a5 34. b3 Rh2+ 35. Kg3 Rb2 36. e4 f6 37. Rb6 Kg5 38. Rb5+ Kh6 39. Rb6 g6 40. Rb5 g5 41. Rb6 Kg7 42.
Rb5 Kg6 0-1

[Event "FIDE Grand Swiss 2023"]
[Site "Villa Marina, Douglas, Isle of Man, Isle Of Man"]
[Date "2023.11.02"]
[Round "8.27"]
[White "Matlakov, Maxim"]
[Black "L'ami, Erwin"]
[Result "1/2-1/2"]
[TimeControl "40/90 + 30 + 30s/move"]
[WhiteFideId "4168003"]
[BlackFideId "1007998"]
[WhiteElo "2674"]
[BlackElo "2627"]

1. d4 d5 2. c4 e6 3. Nf3 Nf6 4. g3 dxc4 5. Bg2 c5 6. O-O Nc6 7. Qa4 Bd7 8. Qxc4 cxd4 9. Nxd4 Rc8 10.
Nc3 Nxd4 11. Qxd4 Bc5 12. Qh4 h6 13. Bxb7 Rb8 14. Ne4 Be7 15. Ba6 O-O 16. Nxf6+ Bxf6 17. Qe4 Bb5 18. Bxb5 Rxb5 19.
a4 Rb3 20. Ra3 Rxa3 21. bxa3 a5 22. Be3 Qd6 23. Rb1 Qxa3 24. Rb5 Bc3 25. Bc5 Qc1+ 26. Kg2 Rc8 27. Qb7 Rd8 28. Bb6 Rd1 29.
Rc5 Rg1+ 30. Kf3 Qb2 31. Qe4 g6 32. Rb5 Qa3 33. Be3 e5 34. Rb8+ Kh7 35. Rb7 Qa2 36. Rc7 Bb2 37. Qc4 Qxc4 38.
Rxc4 g5 39. h4 Kg6 40. hxg5 hxg5 41. g4 f6 42. Bb6 Kf7 43. Bxa5 Ke6 44. Bb6 Kd5 45. Rb4 Bc3 46. Rb5+ Kd6 47.
a5 Ra1 48. Ke4 Ke6 49. Rc5 Ra4+ 50. Kd3 Bb4 51. Rb5 Kd7 52. e4 Kc6 53. Rd5 Ra2 54. Kc4 Be7 55. Kb3 Ra3+ 56. Kc4 Ra4+ 57.
Kd3 Ra3+ 58. Ke2 Ra4 59. f3 Ra1 60. Rd1 Ra2+ 61. Rd2 Ra3 62. Rc2+ Kb5 63. Kf2 Ra1 64. Kg2 Ra3 65. Kg3 Ra1 66.
Rd2 Kc6 67. Bd8 Bxd8 68. Rxd8 Kc5 69. Rf8 Kd4 70. Rxf6 Ke3 71. Rb6 Rg1 72. Kh2 Ra1 73. Kg2 Rxa5 74. Kg3 Ra1 75. Rb3+ Ke2 76.
Rb5 Ke3 77. Rxe5 Rg1 78. Kh2 Kf2 79. Rxg5 Rg2 80. Kh3 Rg1 1/2-1/2

[Event "FIDE Grand Swiss 2023"]
[Site "Villa Marina, Douglas, Isle of Man, Isle Of Man"]
[Date "2023.11.02"]
[Round "8.28"]
[White "Aryan, Chopra"]
[Black "Bluebaum, Matthias"]
[Result "1/2-1/2"]
[TimeControl "40/90 + 30 + 30s/move"]
[WhiteFideId "5084423"]
[BlackFideId "24651516"]
[WhiteElo "2634"]
[BlackElo "2668"]

1. e4 e5 2. Ne2 Nc6 3. d4 exd4 4. Nxd4 Nf6 5. Nxc6 bxc6 6. e5 Qe7 7. Qe2 Nd5 8. h4 Qe6 9. Nd2 a5 10.
g3 Nb4 11. Nf3 Ba6 12. c4 Qg6 13. Kd1 c5 14. a3 Nc6 15. h5 Qe6 16. Bd2 Be7 17. Bc3 O-O 18. Qe4 Rad8 19. Bd3 f5 20.
exf6 Qxe4 21. Bxe4 Bxf6 22. Bd5+ Kh8 23. Nh4 Ne7 24. Ng6+ Nxg6 25. hxg6 h6 26. Bf7 Bxc3 27. bxc3 d5 28.
Kc2 Bxc4 29. Rae1 Rd7 30. Re8 Rxe8 31. Bxe8 Re7 32. Bf7 Re2+ 33. Kc1 Bd3 34. Rh5 c6 35. f4 Rc2+ 36. Kd1 Be2+ 37.
Kxc2 Bxh5 38. f5 Bf3 39. Be6 Be4+ 40. Kd2 d4 41. g4 Bb1 42. c4 Be4 43. Ke2 Bg2 44. Kf2 d3 45. g5 d2 46.
Ke2 hxg5 47. Kxd2 a4 48. Ke3 Bh1 49. Kf2 g4 50. Kg3 Bf3 51. Kf4 Be2 52. Kg3 Bf3 53. Kf4 Be2 54. Ke5 Bd3 55.
f6 Bxg6 56. Bxg4 gxf6+ 57. Kxf6 Bd3 58. Be6 Bf1 59. Ke7 Kg7 60. Kd6 Kf6 61. Bg8 Kg7 62. Be6 Kf6 63. Bd7 Bxc4 64. Bxc6 Bb3 65.
Kxc5 Ke7 66. Kb4 Kd6 67. Bxa4 Bxa4 68. Kxa4 1/2-1/2

[Event "FIDE Grand Swiss 2023"]
[Site "Villa Marina, Douglas, Isle of Man, Isle Of Man"]
[Date "2023.11.02"]
[Round "8.29"]
[White "Volokitin, Andrei"]
[Black "Durarbayli, Vasif"]
[Result "1/2-1/2"]
[TimeControl "40/90 + 30 + 30s/move"]
[WhiteFideId "14107090"]
[BlackFideId "13402935"]
[WhiteElo "2664"]
[BlackElo "2625"]

1. e4 e5 2. Nf3 Nc6 3. Bb5 a6 4. Ba4 Nf6 5. O-O Be7 6. Nc3 d6 7. Bxc6+ bxc6 8. d4 exd4 9. Nxd4 Bd7 10.
Qf3 O-O 11. h3 Re8 12. Re1 Qb8 13. e5 dxe5 14. Nxc6 Bxc6 15. Qxc6 Bb4 16. Bg5 Qb6 17. Qc4 Qd4 18. Qxd4 exd4 19.
Rxe8+ Rxe8 20. Bxf6 dxc3 21. Bxc3 Bxc3 22. bxc3 Re2 23. Rc1 Kf8 24. Kf1 Re4 25. Rb1 Ra4 26. Rb7 Rxa2 27. Rxc7 Rxc2 28.
Ra7 Rxc3 29. Rxa6 Rc1+ 30. Ke2 Rc2+ 1/2-1/2

[Event "FIDE Grand Swiss 2023"]
[Site "Villa Marina, Douglas, Isle of Man, Isle Of Man"]
[Date "2023.11.02"]
[Round "8.30"]
[White "Murzin, Volodar"]
[Black "Shirov, Alexei"]
[Result "0-1"]
[TimeControl "40/90 + 30 + 30s/move"]
[WhiteFideId "44155573"]
[BlackFideId "2209390"]
[WhiteElo "2633"]
[BlackElo "2655"]

1. c4 Nf6 2. Nc3 d5 3. d4 c6 4. cxd5 cxd5 5. Bf4 Nc6 6. e3 a6 7. Bd3 Bg4 8. Nge2 e6 9. O-O Be7 10.
Rc1 O-O 11. Na4 Nd7 12. a3 Rc8 13. Bg3 e5 14. f3 Be6 15. Rxc6 bxc6 16. dxe5 Nb6 17. f4 Bg4 18. Nac3 Nc4 19.
Qc1 Bxe2 20. Nxe2 Qb6 21. Bxc4 dxc4 22. Nd4 Rfd8 23. Be1 Bc5 24. Bc3 Bxd4 25. exd4 Rd5 26. Kh1 f5 27. Qc2 g6 28.
Qe2 c5 29. dxc5 Qxc5 30. e6 Re8 31. Re1 Rd6 32. e7 Qd5 33. Bb4 Rd7 34. a4 Rb7 35. Ba3 Rb3 36. Rc1 Rd3 37. Bb4 Rd4 38.
a5 Qe4 39. Qf2 Qxf4 40. Qc2 Qe4 41. Qf2 Qd5 42. Re1 Rd1 43. h3 Rxe1+ 44. Qxe1 f4 45. Qe2 Kf7 46. Kh2 Rb8 47. Ba3 h5 48.
Qf2 Qe5 49. Qf3 Kg7 50. Bb4 Kh7 51. Bd2 Re8 52. Bb4 Qg5 53. Kh1 Qf6 54. Bc3 Qd6 55. Qe4 Rxe7 56. Qa8 g5 57. Qh8+ Kg6 58.
Qg8+ Kf5 59. Qxc4 g4 60. Bd4 Re1+ 61. Bg1 gxh3 62. Qf7+ Kg5 63. Qg8+ Qg6 64. Qd8+ Qf6 65. Qg8+ Kh6 66.
Kh2 hxg2 0-1

[Event "FIDE Grand Swiss 2023"]
[Site "Villa Marina, Douglas, Isle of Man, Isle Of Man"]
[Date "2023.11.02"]
[Round "8.31"]
[White "Bartel, Mateusz"]
[Black "Suleymanli, Aydin"]
[Result "1/2-1/2"]
[TimeControl "40/90 + 30 + 30s/move"]
[WhiteFideId "1112635"]
[BlackFideId "13413937"]
[WhiteElo "2651"]
[BlackElo "2588"]

1. e4 e5 2. Nf3 Nc6 3. Bb5 a6 4. Ba4 Nf6 5. O-O Be7 6. d3 b5 7. Bb3 d6 8. c3 O-O 9. h3 Bb7 10.
Re1 Na5 11. Bc2 c5 12. Nbd2 Qc7 13. Nf1 Rad8 14. Ng3 d5 15. Qe2 c4 16. exd5 Rfe8 17. Qxe5 Bd6 18. Qg5 h6 19. Qh4 cxd3 20.
Rxe8+ Rxe8 21. Bxd3 Bxg3 22. Qxg3 Qxg3 23. fxg3 Bxd5 24. Bf4 Nc4 25. b3 g5 26. Bc7 Bxf3 27. gxf3 Rc8 28. bxc4 Rxc7 29.
Rd1 bxc4 30. Be2 Rc5 31. Rd4 Nd5 32. Bxc4 Nxc3 33.
Kf1 Kf8 34. Bb3 Ke7 35. a4 f5 36. h4 a5 37. Kf2 Na2 38. Rd2 Nb4 39. Re2+ Kd7 40. Bf7 f4 41. gxf4 1/2-1/2

[Event "FIDE Grand Swiss 2023"]
[Site "Villa Marina, Douglas, Isle of Man, Isle Of Man"]
[Date "2023.11.02"]
[Round "8.32"]
[White "Tari, Aryan"]
[Black "Narayanan.S.L"]
[Result "1/2-1/2"]
[TimeControl "40/90 + 30 + 30s/move"]
[WhiteFideId "1510045"]
[BlackFideId "5058422"]
[WhiteElo "2619"]
[BlackElo "2651"]

1. c4 c5 2. Nf3 Nf6 3. Nc3 Nc6 4. d4 cxd4 5. Nxd4 e6 6. e4 Bc5 7. Nb3 Bb4 8. Bd3 d5 9. exd5 exd5 10.
cxd5 Qxd5 11. O-O Bxc3 12. bxc3 O-O 13. c4 Qd7 14. Bg5 Rd8 15. Bxf6 gxf6 16. Be4 Qxd1 17. Rfxd1 Be6 18. Nc5 f5 19. Bf3 Rxd1+ 20. Rxd1 Bxc4 21.
Nxb7 Ne5 22. Bd5 Rb8 23. h3 Bxa2 24. Bxa2 Rxb7 25. Rd5 Re7 26. f4 Nc6 27. Rxf5 Nd4 28. Rg5+ Kf8 29. Kh2 Ne2 30.
Rf5 Kg7 1/2-1/2

[Event "FIDE Grand Swiss 2023"]
[Site "Villa Marina, Douglas, Isle of Man, Isle Of Man"]
[Date "2023.11.02"]
[Round "8.33"]
[White "Melkumyan, Hrant"]
[Black "Kuybokarov, Temur"]
[Result "1/2-1/2"]
[TimeControl "40/90 + 30 + 30s/move"]
[WhiteFideId "13302485"]
[BlackFideId "14203049"]
[WhiteElo "2650"]
[BlackElo "2584"]

1. Nf3 Nf6 2. c4 c5 3. Nc3 e6 4. g3 d5 5. cxd5 Nxd5 6. Bg2 Nc6 7. O-O Be7 8. d4 O-O 9. e4 Ndb4 10.
dxc5 Bxc5 11. a3 Nd3 12. b4 Nxc1 13. Qxc1 Bb6 14. e5 Bd7 15. Rd1 Rc8 16. Qb2 Ne7 17. Rac1 Qe8 18. Ng5 Ng6 19.
Bxb7 Nxe5 20. Bxc8 Bxc8 21. Na4 Qxa4 22. Qxe5 h6 23. Ne4 Qxa3 24. Nd6 Qf3 25. Rd2 Bb7 26. Nxb7 Qxb7 27. Qe2 Qe7 28.
Qc4 e5 29. Qe4 f5 30. Qd5+ Kh7 31. b5 e4 32. Re2 Qg5 33.
Rf1 Qg4 34. Qd1 Qh3 35. Qc2 Kh8 36. Re3 f4 37. gxf4 Bxe3 38. fxe3 Qxe3+ 39. Qf2 Qh3 40. Qxa7 e3 41. Qa2 Qh5 42.
Qe6 Qe2 43. b6 Qd2 44. Qe7 Rf6 45. Qe8+ Kh7 46. Qe4+ Rg6+ 47. Kh1 e2 48. Rg1 Qd5 49. Qxd5 Rxg1+ 50. Kxg1 e1=Q+ 51. Kg2 Qe2+ 52. Kg3 Qe3+ 53. Kg4 Qxb6 54. Qe4+ Qg6+ 55. Qxg6+ Kxg6 56.
f5+ Kf6 57. Kf4 g6 58. fxg6 Kxg6 59. h4 Kf6 60. h5 Ke6 61. Ke4 Kf6 1/2-1/2

[Event "FIDE Grand Swiss 2023"]
[Site "Villa Marina, Douglas, Isle of Man, Isle Of Man"]
[Date "2023.11.02"]
[Round "8.34"]
[White "Aravindh, Chithambaram Vr."]
[Black "Maurizzi, Marc`andria"]
[Result "1-0"]
[TimeControl "40/90 + 30 + 30s/move"]
[WhiteFideId "5072786"]
[BlackFideId "36083534"]
[WhiteElo "2649"]
[BlackElo "2555"]

1. Nf3 Nf6 2. d4 d5 3. c3 e6 4. Bf4 c5 5. e3 Nc6 6. Nbd2 Nh5 7. Bg5 f6 8. Bh4 g6 9. Be2 cxd4 10.
cxd4 Be7 11. Rc1 O-O 12. O-O Ng7 13. Bg3 Nf5 14. a3 Bd7 15. Nb3 b6 16. Rc3 Nxg3 17. hxg3 Na5 18. Nxa5 bxa5 19.
Ne1 Rc8 20. Qd2 Rxc3 21. Qxc3 Qb6 22. Nd3 Rc8 23. Nc5 Bxc5 24. dxc5 Qxc5 25. Qxf6 Qf8 26. Qd4 Qc5 27. Qg4 Qc2 28.
Bf3 Qxb2 29. Bxd5 Re8 30. Bc4 Qxa3 31. Qd4 Bc6 32. Qe5 Bd7 33. Rb1 Bc8 34. Kh2 Kf7 35. Rb5 Qe7 36. Rxa5 a6 37.
Rc5 Bd7 38. Bxa6 Qf6 39. Qd6 Re7 40. f4 Qa1 41. Rc7 Qh1+ 42. Kxh1 1-0

[Event "FIDE Grand Swiss 2023"]
[Site "Villa Marina, Douglas, Isle of Man, Isle Of Man"]
[Date "2023.11.02"]
[Round "8.35"]
[White "Rodrigue-Lemieux, Shawn"]
[Black "Van Foreest, Jorden"]
[Result "0-1"]
[TimeControl "40/90 + 30 + 30s/move"]
[WhiteFideId "2620049"]
[BlackFideId "1039784"]
[WhiteElo "2488"]
[BlackElo "2707"]

1. e4 c5 2. Nf3 d6 3. Bb5+ Nd7 4. Ba4 Ngf6 5. O-O a6 6. c4 e6 7. Nc3 Be7 8. d4 cxd4 9. Nxd4 O-O 10.
Re1 Qc7 11. Qe2 h6 12. h3 Kh8 13. Nf3 b6 14. Bxd7 Nxd7 15. Bf4 Bb7 16. Rac1 Rac8 17. b3 Kg8 18. Red1 Rfd8 19. Nd4 Ne5 20.
Be3 Bf6 21. Qh5 Qe7 22. Qe2 Ba8 23. Nf3 Nxf3+ 24. Qxf3 b5 25. Bb6 Rf8 26. cxb5 axb5 27. Bd4 Bg5 28. Be3 b4 29. Nb5 d5 30.
Bxg5 Qxg5 31. Rxc8 Rxc8 32. exd5 Bxd5 33. Qg4 Rc1 34. Rxc1 Qxc1+ 35. Kh2 Qd2 36. Nc7 Bc6 37. f3 Qd6+ 38.
Qg3 e5 39. Na6 Bb5 40. Nxb4 Qxb4 41. Qxe5 Bd7 42. Qd5 Be6 43. Qd8+ Kh7 44. Qd3+ g6 45. Qa6 Qd2 46. Qa7 Kg7 47. Qa4 h5 48. Qa6 h4 49. Qa4 g5 50. Qb5 Kf6 51. Qa6 Ke5 52.
Qb5+ Qd5 53. Qb8+ Kf5 54. Qa7 Qe5+ 55. Kh1 Kg6 56. Qa6 Kg7 57. Qa7 Qe1+ 58. Kh2 Bxh3 59. Qd4+ Kg6 60. gxh3 Qg3+ 61.
Kh1 Qxh3+ 62. Kg1 Qg3+ 63. Kh1 Qxf3+ 64. Kg1 h3 65. Qd6+ Kh5 66. Qd2 g4 67. Kh2 Qe4 68. Qf2 f5 69.
Qb2 Kg6 70. Kg3 f4+ 71. Kh2 Kf5 0-1

[Event "FIDE Grand Swiss 2023"]
[Site "Villa Marina, Douglas, Isle of Man, Isle Of Man"]
[Date "2023.11.02"]
[Round "8.36"]
[White "Gukesh, D"]
[Black "Theodorou, Nikolas"]
[Result "1/2-1/2"]
[TimeControl "40/90 + 30 + 30s/move"]
[WhiteFideId "46616543"]
[BlackFideId "4262875"]
[WhiteElo "2758"]
[BlackElo "2619"]

1. d4 Nf6 2. c4 g6 3. Nc3 Bg7 4. e4 d6 5. Nf3 O-O 6. Be2 e5 7. O-O h6 8. Re1 Nbd7 9. Bf1 Re8 10.
dxe5 dxe5 11. Qc2 c6 12. Be3 Qe7 13. h3 Nh5 14. Rad1 Nf4 15. a3 Qf6 16. g3 Ne6 17. Bg2 Ndf8 18.
Qc1 g5 19. b4 Ng6 20. b5 Bf8 21. bxc6 bxc6 22. Qc2 Rd8 23. Qa4 Bd7 24. Rxd7 Rxd7 25. Qxc6 Qd8 26. Nd5 Kg7 27. Qa4 Bc5 28.
Nh2 Bxe3 29. fxe3 Rb8 30. Ng4 Rdb7 31. Rf1 Rb1 32. Qxa7 R8b7 33. Qa6 Rxf1+ 34. Bxf1 Rb1 35. Ngf6 Qb8 36. Nh5+ Kf8 37. Nhf6 Kg7 38.
Nh5+ Kf8 39. Nhf6 Kg7 40. Nh5+ 1/2-1/2

[Event "FIDE Grand Swiss 2023"]
[Site "Villa Marina, Douglas, Isle of Man, Isle Of Man"]
[Date "2023.11.02"]
[Round "8.37"]
[White "Gupta, Abhijeet"]
[Black "Martirosyan, Haik M."]
[Result "1/2-1/2"]
[TimeControl "40/90 + 30 + 30s/move"]
[WhiteFideId "5010608"]
[BlackFideId "13306553"]
[WhiteElo "2609"]
[BlackElo "2696"]

1. d4 Nf6 2. c4 e6 3. Nf3 d5 4. Nc3 Nbd7 5. cxd5 exd5 6. Qc2 Bb4 7. Bf4 Ne4 8. g3 c6 9. Bg2 Qa5 10.
Bd2 Nxd2 11. Nxd2 O-O 12. O-O Qd8 13. a3 Be7 14. b4 a6 15. Nb3 Nf6 16. Nc5 g6 17. Qb3 Rb8 18. Rad1 Bf5 19.
Rfe1 Re8 20. e4 dxe4 21. N3xe4 Bxc5 22. dxc5 Qe7 23. Nxf6+ Qxf6 24. Qf3 Kg7 25. h4 h5 26. Qf4 Rbd8 27.
Bf1 Re4 28. Qc1 Rxe1 29. Rxe1 Be6 30. Qe3 Rd4 31. Bg2 Rd7 32. Qc1 Bg4 33. Qe3 Bf5 34. Bf1 Be6 35. Qc1 Qd4 36. Bg2 Bf5 37.
Bf3 Qf6 38. Rd1 Re7 39. Rd6 Qe5 40. Kg2 Be6 41. Qd2 Re8 42. a4 a5 43. bxa5 Bc4 44. Qb4 Ba6 45. Rd1 Qf5 46. Qc3+ Qf6 47.
Qc2 Re5 48. Rc1 Kh7 49. Qc3 Qf5 50. Qd4 Re7 51. Qd2 Rd7 52. Qe1 Rd4 53. Qe7 Kg7 54. Re1 Rxa4 55. Qd6 Ra3 56. Be4 Qf6 57.
Qd2 Qc3 58. Qg5 Ra4 59. Rc1 Qf6 60. Qxf6+ Kxf6 61. Kf3 Rxa5 62. Rc3 Ke6 63. Ke3 Ra4 64. Bc2 Rb4 65. Bb3+ Ke7 66. Kd2 Rd4+ 67.
Kc2 Kf8 68. Rf3 Rd7 69. Kc3 Kg7 70. Re3 Bf1 71. f3 Kf6 72. g4 Bh3 73. Re4 hxg4 74. fxg4 g5 75. h5 Kg7 76. Bc4 Kh6 77.
Be2 Bg2 78. Re8 Bd5 79. Re5 Be6 80. Bf3 Rd8 81. Be2 Ra8 82. Re4 Ra2 83. Kd4 Kg7 84. Kc3 Bd5 85. Re5 Be6 86. Re4 Kf6 87.
Bd3 Ra3+ 88. Kd2 Kg7 89. Re5 Kh6 90. Bf5 Bd5 91. Re8 Kg7 92. Rd8 Rh3 93. Rd6 Bf3 94. Rd7 Kf6 95. Rxb7 Bd5 96.
Rb6 Ke5 97. Rb4 Bf3 98. Rb3 Kf4 99. Rb4+ Kg3 100. Rd4 Kf2 101. Rd7 Kg3 102. Rd4 Kf2 103. Rd6 Kg3 104. Rd3 Kf4 105. Kc3 Rh4 106. Rd4+ Ke5 107. Ra4 Kd5 108. Ra7 f6 109.
Rf7 Bxg4 110. Bxg4 Rxg4 111. Rxf6 Kxc5 112. Rf5+ Kd6 113. h6 Ke6 114. Rc5 Rh4 115. Rxg5 1/2-1/2

[Event "FIDE Grand Swiss 2023"]
[Site "Villa Marina, Douglas, Isle of Man, Isle Of Man"]
[Date "2023.11.02"]
[Round "8.38"]
[White "Mareco, Sandro"]
[Black "Xiong, Jeffery"]
[Result "0-1"]
[TimeControl "40/90 + 30 + 30s/move"]
[WhiteFideId "112275"]
[BlackFideId "2047640"]
[WhiteElo "2606"]
[BlackElo "2693"]

1. d4 d5 2. c4 dxc4 3. Nf3 a6 4.
e3 Nf6 5. Bxc4 e6 6. O-O c5 7. b3 Nbd7 8. Bb2 Be7 9. Be2 O-O 10. Nbd2 b6 11. Ne5 Bb7 12. Bf3 Qc7 13. Rc1 Nxe5 14.
Bxb7 Neg4 0-1

[Event "FIDE Grand Swiss 2023"]
[Site "Villa Marina, Douglas, Isle of Man, Isle Of Man"]
[Date "2023.11.02"]
[Round "8.39"]
[White "Navara, David"]
[Black "Nguyen, Thai Dai Van"]
[Result "1-0"]
[TimeControl "40/90 + 30 + 30s/move"]
[WhiteFideId "309095"]
[BlackFideId "358878"]
[WhiteElo "2689"]
[BlackElo "2618"]

1. Nf3 Nf6 2. g3 d5 3. Bg2 e6 4. O-O Be7 5. d3 O-O 6. Bf4 Nc6 7. a3 Bd6 8. Bg5 e5 9. c4 dxc4 10.
dxc4 Be6 11. Nfd2 Be7 12. Nc3 Ng4 13. Bxe7 Nxe7 14. Nb3 c6 15. Nc5 Bc8 16. Qxd8 Rxd8 17. Rfd1 Rxd1+ 18. Rxd1 f5 19.
Nxb7 Bxb7 20. Rd7 Kf8 21. Rxb7 e4 22. f3 exf3 23. Bxf3 Ne5 24. b3 Ke8 25. Na4 Nd7 26. Rc7 Rb8 27.
b4 a5 28. bxa5 Kd8 29. Ra7 Nc8 30. Ra6 Rb3 31. Ra8 c5 32. a6 Rxa3 33. Bc6 Kc7 34. Rxc8+ Kxc8 35. a7 1-0

[Event "FIDE Grand Swiss 2023"]
[Site "Villa Marina, Douglas, Isle of Man, Isle Of Man"]
[Date "2023.11.02"]
[Round "8.40"]
[White "Tabatabaei, M. Amin"]
[Black "Karthikeyan, Murali"]
[Result "1-0"]
[TimeControl "40/90 + 30 + 30s/move"]
[WhiteFideId "12521213"]
[BlackFideId "5074452"]
[WhiteElo "2685"]
[BlackElo "2611"]

1. e4 e5 2. Nf3 Nc6 3. Bc4 Nf6 4. d3 Bc5 5. O-O O-O 6. h3 d5 7. exd5 Nxd5 8. Nbd2 f6 9. d4 Nxd4 10.
Nb3 Bb6 11. Nfxd4 exd4 12. Nxd4 Kh8 13. c3 c6 14. Re1 Qd6 15. Bd3 Bc7 16. g3 f5 17. Qh5 Bd7 18. Bg5 c5 19. Nb5 Bxb5 20.
Bxb5 f4 21. Bh4 fxg3 22. Bxg3 Nf4 23. Qg4 Qd5 24. Bf1 h5 25. Qd1 Qg5 26. h4 Qg6 27. Qd7 Rf7 28. Re7 Rxe7 29. Qxe7 Ne6 30.
Kh1 Bxg3 31. fxg3 Rf8 32. Bh3 Rf6 33. Rg1 Qe4+ 34. Bg2 Qg4 35. Rf1 Rxf1+ 36. Bxf1 Qf5 37. Bg2 g5 38. hxg5 Nxg5 39.
Qxb7 a5 40. Qd5 Qxd5 41. Bxd5 Kg7 42. Kg2 Kf6 43. Kf2 Ke5 44. Bf3 a4 45. Bxh5 Ne4+ 46. Kg2 a3 47. bxa3 Nxc3 48. Bf7 Kd4 49.
g4 Ne4 50. Bb3 Kd3 51. Kf3 Nd2 52. Kf4 c4 53. Bd1 Ne4 54. g5 c3 55. g6 Nc5 56. Kf5 1-0

[Event "FIDE Grand Swiss 2023"]
[Site "Villa Marina, Douglas, Isle of Man, Isle Of Man"]
[Date "2023.11.02"]
[Round "8.41"]
[White "Mishra, Abhimanyu"]
[Black "Amin, Bassem"]
[Result "1/2-1/2"]
[TimeControl "40/90 + 30 + 30s/move"]
[WhiteFideId "30920019"]
[BlackFideId "10601457"]
[WhiteElo "2592"]
[BlackElo "2680"]

1. e4 e5 2. Nf3 Nc6 3. Bc4 Nf6 4.
d3 Bc5 5. c3 a6 6. O-O Ba7 7. a4 d6 8. Re1 O-O 9. h3 h6 10. Nbd2 Re8 11. b4 Be6 12. Bxe6 Rxe6 13. Qc2 Qd7 14.
Rb1 Rd8 15. b5 Ne7 16. d4 Ng6 17. d5 Ree8 18. c4 Bc5 19. Nb3 Bb4 20. Bd2 Bxd2 21. Nfxd2 b6 22. a5 axb5 23. cxb5 Qxb5 24.
Nd4 Qxa5 25. Nc6 Qc5 26. Qxc5 dxc5 27. Nxd8 Rxd8 28. Nc4 Ne8 29. Re3 f6 30. Ra3 Nh8 31. Rba1 Nf7 32. Ra8 Rxa8 33.
Rxa8 Kf8 34. d6 Nfxd6 35. Nxd6 cxd6 36. Rb8 Ke7 37. Rxb6 h5 38. Kf1 g6 39. Ke2 f5 40. f3 Nf6 41.
Kd3 1/2-1/2

[Event "FIDE Grand Swiss 2023"]
[Site "Villa Marina, Douglas, Isle of Man, Isle Of Man"]
[Date "2023.11.02"]
[Round "8.42"]
[White "Bachmann, Axel"]
[Black "Ivanchuk, Vasyl"]
[Result "1-0"]
[TimeControl "40/90 + 30 + 30s/move"]
[WhiteFideId "3700488"]
[BlackFideId "14100010"]
[WhiteElo "2604"]
[BlackElo "2653"]

1. Nf3 Nf6 2. c4 b6 3. d4 e6 4. g3 Ba6 5. b3 Bb4+ 6. Bd2 Be7 7. Bg2 c6 8. Bc3 d5 9. Nbd2 Nbd7 10.
O-O Rc8 11. Rc1 O-O 12. Bb2 Bb7 13. Qc2 c5 14. dxc5 bxc5 15. e3 Qb6 16. Ne5 Nxe5 17. Bxe5 Rfd8 18. cxd5 exd5 19. Rfd1 Qe6 20.
Bb2 h6 21. Qb1 a5 22. Bc3 Qa6 23. Qf5 a4 24. bxa4 Qxa4 25. Nc4 Qa6 26. Bxf6 g6 27. Qf3 Bxf6 28. Rb1 Qe6 29. Rxb7 dxc4 30.
Rc1 Rd6 31. Qf4 Rcd8 32. Qxc4 Qxc4 33. Rxc4 Rd2 34. Rxc5 1-0

[Event "FIDE Grand Swiss 2023"]
[Site "Villa Marina, Douglas, Isle of Man, Isle Of Man"]
[Date "2023.11.02"]
[Round "8.43"]
[White "Svane, Rasmus"]
[Black "Akobian, Varuzhan"]
[Result "1/2-1/2"]
[TimeControl "40/90 + 30 + 30s/move"]
[WhiteFideId "4657101"]
[BlackFideId "13300580"]
[WhiteElo "2646"]
[BlackElo "2582"]

1. d4 Nf6 2. c4 e6 3. Nf3 d5 4. Nc3 Be7 5. Bf4 O-O 6. e3 Nbd7 7. c5 c6 8. h3 b6 9. b4 a5 10.
a3 Ba6 11. Bxa6 Rxa6 12. O-O Qa8 13. Rb1 axb4 14. axb4 Ra3 15. Qc2 Qb7 16. Rfc1 Rfa8 17. Nd2 Bd8 18. Nb3 b5 19. Qb2 R3a6 20.
Ra1 h6 21. Rxa6 Rxa6 22. Ra1 Ne8 23. g4 Qa8 24. Rxa6 Qxa6 25. Kg2 Kf8 26. Bg3 Kg8 27. f3 Bc7 28. Bxc7 Nxc7 29. Na5 Qa8 30.
Ne2 Na6 31. Nf4 Qc8 32. Nd3 Qc7 33. Nb3 Ndb8 34. Qa1 Qd8 35. Qe1 Qc7 36. e4 Kf8 37. e5 Nd7 38. f4 Kg8 39. Qh4 Nf8 40.
f5 Nh7 41. Nd2 Ng5 42. Nf3 Ne4 43. fxe6 fxe6 44. Qe1 Nb8 45. Qa1 Nd7 46. Qa8+ Nf8 47. h4 g6 48. Nf2 Qf7 49. Nh3 h5 50.
Nh2 Qe7 51. g5 Qd7 52. Nf1 Kf7 53. Ne3 Qe8 54. Qa2 Qd7 55. Nf4 Qb7 56. Nd3 Ke8 57. Nf1 Ke7 58. Ng3 Nxg3 59. Kxg3 Ke8 60.
Kf3 Kd7 61. Ke3 Ke8 62. Qa5 Kd7 63. Nc1 Kc8 64. Qa2 Kd8 65. Nb3 Ke8 66. Nc1 Kd7 67. Qf2 Ke8 68. Nd3 Qa7 69. Qf6 Qf7 70.
Nf4 Qa7 71. Nd3 Qf7 72. Kd2 Nd7 73. Qh8+ Qf8 74. Qh7 Qf7 75. Qh8+ Qf8 76. Qh7 Qf7 77. Qh8+ 1/2-1/2